 Dungeon Crawl Stone Soup version 0.29-a0-352-g0917bc69df (webtiles) character file.

Game seed: 14449230236690251620

523 avis the Insei (level 7, -7/46 HPs)
             Began as an Octopode Transmuter on Apr 24, 2022.
             Mangled by a mummy (15 damage)
             ... in an ossuary.
             The game lasted 00:17:12 (4766 turns).

avis the Insei (Octopode Transmuter)                Turns: 4766, Time: 00:17:13

Health: -7/46      AC:  2    Str: 11    XL:     7   Next: 22%
Magic:  9/11       EV: 20    Int: 15    God:
Gold:   195        SH:  0    Dex: 18    Spells: 4/12 levels left

rFire   . . .      SeeInvis .     - Unarmed
rCold   . . .      Faith    .   (shield currently unavailable)
rNeg    . . .      Spirit   .   (helmet currently unavailable)
rPois   x          Reflect  .   (no amulet)
rElec   .          Harm     .   (no ring)
rCorr   .          Rampage  .   (no ring)
Will    .....                   (no ring)
Stlth   ++........              (no ring)
HPRegen 0.15/turn               (no ring)
MPRegen 0.12/turn               (no ring)
                                (no ring)
                                (no ring)

@: spider-form (expiring)
A: venomous fangs, almost no armour, (amphibious), 8 rings, tiny, (camouflage
1), (gelatinous body 1), (nimble swimmer 1), (tentacles)
a: End Transformation


You were in an ossuary.
You were a venomous arachnid creature.
You visited 1 branch of the dungeon, and saw 4 of its levels.
You also visited: Ossuary.

You collected 195 gold pieces.

Inventory:

Hand Weapons
 o - a +0 hunting sling
Missiles
 n - 3 curare-tipped darts
Magical Staves
 p - a staff of air
Wands
 d - a wand of mindburst (11)
 r - a wand of acid (9)
 s - a wand of paralysis (2)
Scrolls
 b - a scroll of magic mapping {unknown}
 e - 4 scrolls of identify {unknown}
 f - 2 scrolls of immolation {unknown}
 k - 3 scrolls of teleportation {unknown}
 l - 3 scrolls of enchant weapon {unknown}
 q - 3 scrolls of vulnerability {unknown}
Potions
 a - 2 potions of lignification
 c - a potion of invisibility {unknown}
 g - 2 potions of might {unknown}
 h - a potion of brilliance {unknown}
 i - a potion of haste {unknown}
 j - a potion of berserk rage {unknown}
 m - a potion of flight {unknown}


   Skills:
 * Level 3.5 Fighting
 - Level 3.0 Dodging
 - Level 3.0 Stealth
 - Level 5.0 Unarmed Combat
 - Level 3.0 Spellcasting
 - Level 3.0 Transmutations
 - Level 2.0 Poison Magic


You had 4 spell levels left.
You knew the following spells:

 Your Spells              Type           Power      Damage    Failure   Level
a - Beastly Appendage     Tmut           22%        N/A       17%         1
p - Spider Form           Tmut/Pois      9%         N/A       43%         3
q - Ice Form              Ice/Tmut       6%         N/A       87%         4

Your spell library contained the following spells:

 Spells                   Type           Power      Damage    Failure   Level
 Wereblood                Tmut           11%        N/A       22%         2
 Ignite Poison            Fire/Tmut/Pois 7%         N/A       52%         3
 Conjure Flame            Conj/Fire      2%         6-21      73%         3
 Portal Projectile        Hex/Tloc       4%         N/A       73%         3
 Sticky Flame             Conj/Fire      2%         2d3       97%         4
 Summon Lightning Spire   Summ/Air       2%         N/A       97%         4
 Chain Lightning          Conj/Air       1%         3d1       100%        9


Dungeon Overview and Level Annotations

Branches:
Dungeon (4/15)            Ossuary (1/1)
 Temple: D:4-7

Altars:
Kikubaaqudgha


Innate Abilities, Weirdness & Mutations

You are a venomous arachnid creature.
You have poisonous fangs.
You are tiny and dextrous.
Your spellcasting is less reliable in this form.
Your armour is entirely melded.
You are incapable of wielding weapons or throwing items.
You cannot wear most types of armour.
((You are amphibious.))
You can wear up to eight rings at the same time.
((Your skin changes colour to match your surroundings (Stealth+).))
((Your rubbery body absorbs attacks. (AC +1, EV +1)))
((You are camouflaged when in or above water. (Stealth+)))
((You have tentacles for arms and can constrict up to eight enemies at once.))


Message History

You closely miss the kobold zombie. You grab the kobold zombie.
You pierce the kobold zombie.
You tentacle-slap the kobold zombie.
You destroy the kobold zombie!
You bludgeon the hobgoblin zombie! You grab the hobgoblin zombie.
You pierce the hobgoblin zombie.
You destroy the hobgoblin zombie!
Your transformation is almost over.
There is an open door here.
You open the door. 2 mummies come into view.
Found a gate leading back out of this place.
Casting: Beastly Appendage (safe; 6% risk of failure)
Confirm with . or Enter, or press ? or * to list all spells.
The spell is quite dangerous to miscast (22% risk of failure)!
Continue anyway?
Your tentacle spike disappears.
You turn into a venomous arachnid creature.
You barely miss the mummy. You hit the mummy but do no damage.
You hit the mummy but do no damage. You hit the mummy.
The mummy is moderately damaged.
The mummy hits you!
You hit the mummy.
The mummy is moderately damaged.
The mummy completely misses you.
You barely miss the mummy.
The mummy is moderately damaged.
The mummy closely misses you.
You hit the mummy.
The mummy is heavily damaged.
The mummy hits you!
You bite the mummy!
The mummy is almost destroyed.
Your transformation is almost over.
The mummy hits you!
* * * LOW HITPOINT WARNING * * *
You hit the mummy.
You destroy the mummy!
The mummy hits you!
You die...

..# #...# ..# #...#
..# #...# ..# #...#
### ###'# ..# #...#
..##### ##### #...#
..#...#!!?!#...#...#
..'.∩.#!?!!+.∩.Ms..#
..#...#!!?!#...#...#
####### ##### #####


You could see a mummy.

Vanquished Creatures
  6 water moccasin zombies (Ossuary)
  An orc priest (D:3)
  An orc wizard (D:3)
  A mummy (Ossuary)
  5 adders
  5 adder zombies (Ossuary)
  2 orcs (D:3)
  9 endoplasms
  3 giant cockroaches (D:3)
  8 goblins
  7 hobgoblins
  6 jackals
  2 quokkas (D:3)
  2 ball pythons (D:1)
  2 bats
  5 frilled lizards
  4 gnoll zombies (Ossuary)
  4 hobgoblin zombies (Ossuary)
  2 kobolds
  5 kobold zombies (Ossuary)
  8 orc zombies (Ossuary)
  5 rats
93 creatures vanquished.

Vanquished Creatures (others)
  A fungus (D:1)
1 creature vanquished.

Grand Total: 94 creatures vanquished

Notes
Turn   | Place    | Note
-------+----------+-------------------------------------------
     0 | D:1      | avis the Octopode Transmuter began the quest for the Orb.
     0 | D:1      | Reached XP level 1. HP: 13/13 MP: 3/3
     6 | D:1      | Got Tuptuunt's Incunabulum of Lightness and the Traveller
    16 | D:1      | Reached skill level 1 in Stealth
   249 | D:1      | You fall into a shaft and drop 1 floor!
   508 | D:2      | Reached XP level 2. HP: 16/19 MP: 3/5
   734 | D:2      | Reached XP level 3. HP: 21/24 MP: 3/6
   770 | D:1      | Learned a level 3 spell: Spider Form
  1168 | D:1      | Found a faded altar of an unknown god.
  1541 | D:2      | Reached XP level 4. HP: 23/29 MP: 5/7
  2024 | D:2      | Reached skill level 1 in Poison Magic
  2836 | D:3      | Found an ancient bone altar of Kikubaaqudgha.
  2969 | D:3      | Reached XP level 5. HP: 33/36 MP: 4/8
  3622 | D:4      | Found a sand-covered staircase.
  3627 | Ossuary  | Entered an ossuary
  3633 | Ossuary  | Learned a level 4 spell: Ice Form
  3891 | Ossuary  | Reached skill level 4 in Unarmed Combat
  3891 | Ossuary  | Reached XP level 6. HP: 33/42 MP: 9/9
  4270 | Ossuary  | Reached skill level 5 in Unarmed Combat
  4282 | Ossuary  | Reached XP level 7. HP: 23/46 MP: 9/11
  4766 | Ossuary  | Mangled by a mummy

Illustrated notes

Levels and vault maps discovered:
D:1:      minmay_arrival_solitary_statue, layout_rooms,
          shapermc_ecumenical_altar_mp_ritualfount
D:2:      layout_basic, minmay_pentomino_u4
D:3:      layout_basic, kiku_gazebo_pond_becter, minmay_misc_feat_doors
D:4:      layout_basic, mainiacjoe_overflow_six_doors_small,
          minmay_temple_entry_overgrown, serial_shops,
          nicolae_shop_advertising_works [nicolae_subvault_shop_adworks],
          shop_statue, enter_ossuary_5
Ossuary:  ossuary_tomb_2

Skill      XL: |  1  2  3  4  5  6  7 |
---------------+----------------------+-----
Stealth        | 1 3 |  3.0
Fighting       | 2 3 |  3.5
Transmutations | 3 |  3.0
Poison Magic   | 2 |  2.0
Unarmed Combat | 4 5 |  5.0
Dodging        | 3 |  3.0
Spellcasting   | 3 |  3.0

Action                   |  1- 3 |  4- 6 |  7- 9 || total
-------------------------+-------+-------+-------++-------
Melee: Unarmed           |    62 |   108 |    43 ||   213
       Kick              |    17 |    40 |    10 ||    67
       Constrict         |    12 |    27 |    10 ||    49
       Tentacles         |     9 |    20 |     6 ||    35
       Punch             |     1 |     6 |     2 ||     9
 Cast: Beastly Appendage |    25 |    25 |     3 ||    53
       Spider Form       |       |     8 |     2 ||    10
 Stab: Sleeping          |     5 |     6 |     1 ||    12
       Distracted        |       |       |     1 ||     1
Armor: Skin              |     2 |     2 |     1 ||     5
Dodge: Dodged            |    24 |    33 |    14 ||    71

Table legend: (Time is in decaauts)
 A = Elapsed time spent in this place.
 B = Non-inter-level travel time spent in this place.
 C = Inter-level travel time spent in this place.
 D = Time resting spent in this place.
 E = Time spent auto-exploring this place.
 F = Levels seen in this place.
 G = Mean time per level.
                   A        B        C        D        E       F      G
               +--------+--------+--------+--------+--------+-----+--------+
         Total |   4758 |   4339 |    419 |   1898 |   1341 |   5 |  951.6 |
       Dungeon |   3627 |   3208 |    419 |    968 |   1341 |   4 |  906.8 |
       Ossuary |   1130 |   1130 |      0 |    930 |      0 |   1 | 1130.0 |
               +--------+--------+--------+--------+--------+-----+--------+

Top non-repeatable levels by time:
     D:2: 1483 daAuts
     D:3: 1188 daAuts
 Ossuary: 1130 daAuts
     D:1: 897 daAuts
     D:4: 59 daAuts
